 Dungeon Crawl Stone Soup version 0.17-a0-1479-g4041c36 (webtiles) character file.

216 Gobser the Skirmisher (level 5, -6/46 HPs)
             Began as a Demonspawn Fighter on July 3, 2015.
             Was a Follower of Makhleb.
             Killed by nerve-wracking pain
             ... invoked by an orc priest
              (14 damage)
             ... on level 3 of the Dungeon.
             The game lasted 00:13:07 (2800 turns).

Gobser the Skirmisher (Demonspawn Fighter)          Turns: 2800, Time: 00:13:07

Health: -6/46      AC: 10    Str: 17    XL:     5   Next: 61%
Magic:  5/5        EV:  6    Int:  9    God:    Makhleb [*.....]
Gold:   165        SH:  9    Dex: 13    Spells: 0 memorised, 4 levels left

rFire  + . .     SeeInvis .     m - +0 falchion
rCold  + . .     Clarity  .     b - +0 scale mail
rNeg   . . .     SustAt   +     c - +0 shield
rPois  .         Gourm    .     (no helmet)
rElec  .         Spirit   .     (no cloak)
rCorr  .         Warding  .     (no gloves)
rMut   .         Stasis   .     (no boots)
MR     .....                    (no amulet)
Stlth  ..........               (no ring)
                                d - ring of sustain attributes

@: very slightly contaminated, not resistant to hostile enchantments, extremely
unstealthy
A: talons 1, icy blue scales 3, fire resistance 1, mutation resistance 1, robust
1
a: Renounce Religion


You were on level 3 of the Dungeon.
You worshipped Makhleb.
Makhleb was aware of your devotion.
You were not hungry.

You visited 1 branch of the dungeon, and saw 3 of its levels.

You collected 165 gold pieces.

Inventory:

Hand weapons
 a - a +0 long sword
 m - a +0 falchion (weapon)
Armour
 b - a +0 scale mail (worn)
 c - a +0 shield (worn)
Jewellery
 d - a ring of sustain attributes (left hand)
Scrolls
 e - a scroll of identify
 j - 2 scrolls of remove curse
 l - a scroll of teleportation
Potions
 f - a potion of ambrosia
Comestibles
 g - 2 royal jellies
 h - a bread ration


   Skills:
 * Level 4.2 Fighting
 * Level 3.1 Long Blades
 + Level 0.5 Throwing
 + Level 3.1 Armour
 + Level 1.6 Dodging
 + Level 0.2 Stealth
 + Level 3.3 Shields


You had 4 spell levels left.
You didn't know any spells.

Dungeon Overview and Level Annotations

Branches:
Dungeon (3/15)

Altars:
Makhleb
Sif Muna


Innate Abilities, Weirdness & Mutations

You have sharp toenails.
You are completely covered in icy blue scales (AC +4, EV -1, rC+).
Your flesh is heat resistant.
You are somewhat resistant to further mutation.
You are robust (+10% HP).


Message History

You barely resist. You closely miss the orc priest.
You claw the orc priest, but do no damage.
The orc priest is heavily wounded.
The orc priest invokes the aid of Beogh against you.
Something smites you!
You hit the orc priest.
You claw the orc priest, but do no damage.
The orc priest is almost dead.
The orc priest hits you but does no damage.
You completely miss the orc priest. Your kick misses the orc priest.
The orc priest is almost dead.
The orc priest invokes the aid of Beogh against you.
Something smites you!
* * * LOW HITPOINT WARNING * * *
You closely miss the orc priest. Your kick misses the orc priest.
The orc priest is almost dead.
The orc priest invokes the aid of Beogh against you.
Pain shoots through your body!
You die...

#.# ##.# #.# ... #.# #.###
#.# ##.#.## #+## #.#
#.....##### #...## #.#
#.........# #.....# ..#
#.....###.##.......
..#########.#...##.#........
................@o.((.......
..##.######.....##.#........
..##.# #.....##.##.......
..##.# #.###.##.# #.....#
≈≈##.# #.###.##.# #...##
#≈##.# #........# #+##
#≈##.# #####.#### #≈.).# #.#
≈≈#### #.#


You could see an orc priest.

Vanquished Creatures
  An orc priest (D:3)
  3 orc wizards (D:3)
  4 worms
  2 giant geckos
  11 orcs (D:3)
  10 bats
  A bat zombie (D:3)
  A giant cockroach (D:2)
  12 goblins
  9 hobgoblins
  A giant newt (D:1)
  8 kobolds
  8 rats
71 creatures vanquished.

Notes
Turn   | Place    | Note
--------------------------------------------------------------
     0 | D:1      | Gobser the Demonspawn Fighter began the quest for the Orb.
     0 | D:1      | Reached XP level 1. HP: 18/18 MP: 1/1
    88 | D:1      | Gained mutation: You are partially covered in icy blue scales (AC +1). [demonic ancestry]
    88 | D:1      | Reached XP level 2. HP: 20/24 MP: 2/2
   274 | D:1      | Gained mutation: Your flesh is heat resistant. [potion of mutation]
   274 | D:1      | Gained mutation: You are robust (+10% HP). [potion of mutation]
   274 | D:1      | Gained mutation: You are somewhat resistant to further mutation. [potion of mutation]
   786 | D:2      | Gained mutation: You have sharp toenails. [demonic ancestry]
   786 | D:2      | Reached XP level 3. HP: 29/31 MP: 3/3
   948 | D:2      | Found a burning altar of Makhleb.
   954 | D:2      | Became a worshipper of Makhleb the Destroyer
  1585 | D:3      | Gained mutation: You are mostly covered in icy blue scales (AC +3, EV -1). [demonic ancestry]
  1585 | D:3      | Reached XP level 4. HP: 37/40 MP: 4/4
  1591 | D:3      | Reached skill level 1 in Dodging
  2280 | D:3      | Reached skill level 4 in Fighting
  2297 | D:3      | Acquired Makhleb's first power
  2297 | D:3      | Gained mutation: You are completely covered in icy blue scales (AC +4, EV -1, rC+). [demonic ancestry]
  2297 | D:3      | Reached XP level 5. HP: 27/46 MP: 5/5
  2470 | D:3      | Found a deep blue altar of Sif Muna.
  2800 | D:3      | Killed from afar by an orc priest

Vault maps used:
D:1:      dpeg_arrival_subterranean_lakeside_camping, minmay_fountain_box
D:2:      overflow_temple_1_default, hangedman_decor_slide_cut
D:3:      minmay_crystal_water, led_sif_book

Action                   |  1- 3 |  4- 6 || total
-------------------------+-------+-------++-------
Melee: Long sword        |   138 |    70 ||   208
       Falchion          |       |    69 ||    69
Throw: Javelin           |     2 |     7 ||     9
  Use: Potion            |     7 |     2 ||     9
       Scroll            |     4 |     1 ||     5
 Stab: Invisible         |     1 |       ||     1
  Eat: Bread ration      |     1 |       ||     1
       Pizza             |       |     2 ||     2
